 Dungeon Crawl Stone Soup version 0.27-a0-328-g7f782ed93a (webtiles) character file.

Game seed: 4347778545807543377

13 tsouns the Sneak (level 2, 0/27 HPs)
             Began as a Palentonga Delver on Feb 12, 2021.
             Was an Initiate of Okawaru.
             Succumbed to an adder's poison
             ... on level 1 of the Dungeon.
             The game lasted 00:00:57 (293 turns).

tsouns the Sneak (Palentonga Delver)                 Turns: 293, Time: 00:00:57

Health: 0/27       AC:  5    Str: 15    XL:     2   Next: 24%
Magic:  2/2        EV:  9    Int: 10    God:    Okawaru [......]
Gold:   14         SH:  0    Dex: 11    Spells: 1/1 levels left

rFire    . . .     SeeInvis +   a - +0 hand axe
rCold    . . .     Faith    .   (no shield)
rNeg     . . .     Spirit   .   b - +1 leather armour
rPois    .         Reflect  .   (no helmet)
rElec    .         Harm     .   (no cloak)
rCorr    .         Rampage  .   (no gloves)
Will     .....                  (no barding)
Stlth    ++........             (no amulet)
HPRegen  0.09/turn              (no ring)
MPRegen  0.08/turn              (no ring)

@: lethally poisoned (0 -> -3), hasted, very quick
A: large, rugged brown scales 3, see invisible, deformed body, roll 1, armoured
tail
a: Rolling Charge, Renounce Religion


You were on level 1 of the Dungeon.
You worshipped Okawaru.
Okawaru was noncommittal.
You visited 1 branch of the dungeon, and saw 5 of its levels.

You collected 14 gold pieces.

Inventory:

Hand Weapons
 a - a +0 hand axe (weapon)
Armour
 b - a +1 leather armour (worn)
Wands
 d - a wand of flame (15)
 g - a wand of digging (3)
Scrolls
 c - a scroll of fog
 e - a scroll of fear


   Skills:
 + Level 3.3 Fighting
 + Level 2.5 Axes
 - Level 1.5 Dodging
 - Level 3.3 Stealth


You had one spell level left.
You didn't know any spells.
Your spell library was empty.

Dungeon Overview and Level Annotations

Branches:
Dungeon (5/15)
 Temple: D:4-7

Altars:
Okawaru


Innate Abilities, Weirdness & Mutations

You are completely covered in rugged brown scales. (AC +3, +7% HP)
You have supernaturally acute eyesight. (SInv)
Armour fits poorly on your strangely shaped body.
You can roll at nearby foes to attack.
You have a long armoured tail.


Message History

You are too injured to fight recklessly!
You are too injured to fight recklessly!
You feel yourself speed up.
You feel sick. The adder bites you.
You barely miss the adder.
You feel sick. The adder closely misses you.
You miss the adder. You tail-slap the adder!
The adder is severely wounded.
You feel sick. The adder bites you.
* * * LOW HITPOINT WARNING * * *
You hit the adder.
You kill the adder!
Okawaru accepts your kill.
You have reached level 2!
There is a lethal amount of poison in your body!
* * * LOW HITPOINT WARNING * * *
You feel sick.
You see here an adder corpse.
There is a stone staircase leading up here.
* * * LOW HITPOINT WARNING * * *
You feel sick.
You climb upwards.
There is a stone staircase leading down here.
You aren't carrying any potions.
* * * LOW HITPOINT WARNING * * *
You feel sick.
Found a scroll labelled ENEUBRAN VUSE.
A kobold comes into view. It is wielding a +0 short sword.
The kobold shouts!
Found 4 gold pieces.
* * * LOW HITPOINT WARNING * * *
You feel sick.
You see here a scroll labelled ENEUBRAN VUSE.
f - a scroll labelled ENEUBRAN VUSE
As you read the scroll labelled ENEUBRAN VUSE, it crumbles to dust.
It is a scroll of enchant armour.
Your +0 leather armour glows green for a moment.
* * * LOW HITPOINT WARNING * * *
You feel sick.
* * * LOW HITPOINT WARNING * * *
You feel sick.
You die...

#.. #.# #.# #.# #.# .
#.# #.# ..# #.# #>#
.. #.# #.# #.##.# #.#
#....###########.###.
#.@...K............
##.#########.####..
#.. #.# # ###. #$# .#
#.. # ... ####


You could see a kobold.

Vanquished Creatures
  An adder (D:2)
  A worm (D:4)
  A kobold (D:3)
3 creatures vanquished.

Notes
Turn   | Place    | Note
-------+----------+-------------------------------------------
     0 | D:5      | tsouns the Palentonga Delver began the quest for the Orb.
     0 | D:5      | Reached XP level 1. HP: 20/20 MP: 1/1
   172 | D:3      | Found an iron altar of Okawaru.
   190 | D:3      | Became a worshipper of Warmaster Okawaru
   273 | D:2      | Reached XP level 2. HP: 6/27 MP: 2/2
   284 | D:1      | HP: 1/27 [poisoned by an adder]
   293 | D:1      | Succumbed to an adder's poison

Illustrated notes

Levels and vault maps discovered:
D:1:      mainiacjoe_arrival_reflecting_pool, layout_loops_ring
D:2:      layout_loops_corners
D:3:      lemuel_upstairs_altar, layout_basic, lemuel_round_altar, minitemple,
          uniq_terence, uniq_grinder
D:4:      layout_rooms, gammafunk_ghost_abyssal_escape, skrybe_limestone_x,
          uniq_blork_the_orc
D:5:      layout_loops_corners, kiku_gazebo_pond_becter,
          kennysheep_decorative_pillar, eino_tiny_chamber, grunt_ministairs_12

Action                   || total
-------------------------++-------
Melee: Hand axe          ||    21
       Tailslap          ||     2
  Use: Scroll            ||     2
       Potion            ||     1
Armor: Leather armour    ||     8
Dodge: Dodged            ||     6

Table legend: (Time is in decaauts)
 A = Elapsed time spent in this place.
 B = Non-inter-level travel time spent in this place.
 C = Inter-level travel time spent in this place.
 D = Time resting spent in this place.
 E = Time spent auto-exploring this place.
 F = Levels seen in this place.
 G = Mean time per level.
                   A        B        C        D        E       F      G
               +--------+--------+--------+--------+--------+-----+--------+
         Total |    288 |    276 |     12 |     58 |    142 |   5 |   57.6 |
       Dungeon |    288 |    276 |     12 |     58 |    142 |   5 |   57.6 |
               +--------+--------+--------+--------+--------+-----+--------+

Top non-repeatable levels by time:
     D:4: 87 daAuts
     D:5: 81 daAuts
     D:2: 77 daAuts
     D:3: 31 daAuts
     D:1: 11 daAuts
